 Dungeon Crawl Stone Soup version 0.29-a0-378-gc08b2e8bf8 (webtiles) character file.

Game seed: 6520917880584329755

4260 dolemite99 the Cleaver (level 10, -5/86 HPs)
             Began as a Hill Orc Fighter on May 5, 2022.
             Was a Priest of Uskayaw.
             Slain by a vampire
             ... wielding a +0 vampiric halberd
              (9 damage)
             ... in a bailey.
             The game lasted 00:08:10 (11988 turns).

dolemite99 the Cleaver (Hill Orc Fighter)          Turns: 11988, Time: 00:08:11

Health: -5/86      AC: 21    Str: 24    XL:     10   Next: 31%
Magic:  10/10      EV:  6    Int:  8    God:    Uskayaw [***...]
Gold:   333        SH:  4    Dex: 10    Spells: 9/9 levels left

rFire   . . .      SeeInvis .   a - +0 war axe
rCold   . . .      Faith    .   c - +0 buckler
rNeg    . . .      Spirit   .   z - +3 plate armour
rPois   .          Reflect  .   (no helmet)
rElec   .          Harm     .   j - +1 cloak
rCorr   .          Rampage  .   h - +1 pair of gloves
Will    +....                   (no boots)
Stlth   ..........              (no amulet)
HPRegen 0.24/turn               t - ring of willpower
MPRegen 0.12/turn               (no ring)

@: mighty
A: no striking features
a: Renounce Religion, Stomp, Line Pass


You were in a bailey.
You worshipped Uskayaw.
Uskayaw was noncommittal.
You visited 1 branch of the dungeon, and saw 8 of its levels.
You also visited: Bailey.

You collected 333 gold pieces.

Inventory:

Hand Weapons
 a - a +0 war axe (weapon)
 d - a +3 spear
 f - a +0 short sword of holy wrath
 A - a +3 flail
Missiles
 i - 22 poisoned darts (quivered)
Armour
 c - a +0 buckler (worn)
 h - a +1 pair of gloves (worn)
 j - a +1 cloak (worn)
 r - a +0 chain mail
 z - a +3 plate armour (worn)
Jewellery
 t - a ring of willpower (left hand)
 C - a ring of positive energy
Wands
 b - a wand of mindburst (11)
 w - a wand of iceblast (12)
 E - a wand of flame (6)
Scrolls
 g - 6 scrolls of immolation
 o - 2 scrolls of blinking
 p - 2 scrolls of vulnerability
 v - 3 scrolls of amnesia
 y - 3 scrolls of teleportation
 D - a scroll of identify {@r1}
Potions
 e - a potion of heal wounds {unknown}
 k - 2 potions of degeneration
 m - 7 potions of flight
 n - a potion of lignification {unknown}
 q - 2 potions of cancellation {unknown}
 s - 2 potions of magic {unknown}
 u - 2 potions of berserk rage {unknown}
Miscellaneous
 x - a piece from Xom's chessboard (15/15)


   Skills:
 + Level 7.0 Fighting
 - Level 13.2(13.6) Axes
 - Level 3.8(8.1) Polearms
 - Level 4.2 Throwing
 - Level 8.5 Armour
 - Level 3.2 Shields


You had 9 spell levels left.
You didn't know any spells.
Your spell library contained the following spells:

 Spells                   Type           Power      Damage    Failure   Level
 Apportation              Tloc           0%         N/A       100%        1
 Foxfire                  Conj/Fire      0%         2x1d4     100%        1
 Magic Dart               Conj           0%         1d3       100%        1
 Call Imp                 Summ           0%         N/A       100%        2
 Ensorcelled Hibernation  Hex/Ice        0%         N/A       100%        2
 Passwall                 Tmut/Erth      0%         N/A       100%        2
 Conjure Flame            Conj/Fire      0%         6-21      100%        3
 Inner Flame              Hex/Fire       0%         N/A       100%        3
 Mephitic Cloud           Conj/Pois/Air  0%         N/A       100%        3
 Swiftness                Air            0%         N/A       100%        3
 Tukima's Dance           Hex            0%         N/A       100%        3
 Anguish                  Hex/Necr       0%         N/A       100%        4
 Flame Wave               Conj/Fire      0%         2d4       100%        4
 Olgreb's Toxic Radiance  Pois           0%         N/A       100%        4
 Alistair's Intoxication  Tmut/Pois      0%         N/A       100%        5
 Blade Hands              Tmut           0%         N/A       100%        5
 Irradiate                Conj/Tmut      0%         3d13      100%        5
 Dragon Form              Tmut           0%         N/A       100%        7
 Enfeeble                 Hex            0%         N/A       100%        7
 Ozocubu's Refrigeration  Ice            0%         4d5       100%        7
 Ignition                 Fire           0%         3d3       100%        8


Dungeon Overview and Level Annotations

Branches:
Dungeon (8/15)             Temple (0/1) D:4          Bailey (1/1)
   Lair: D:8-11

Altars:
Okawaru
Ru
Trog
Uskayaw
Wu Jian
The Shining One

Shops:
D:5 (


Message History

You feel better.
The vampire hits you but does no damage.
The vampire bites you but does no damage.
You hit the vampire.
The vampire is moderately damaged.
The vampire hits you with a +0 vampiric halberd.
The vampire draws strength from your wounds!
The vampire closely misses you.
Uskayaw will force your foes to helplessly watch your dance.
You completely miss the vampire.
The vampire is moderately damaged.
The vampire hits you with a +0 vampiric halberd!
* * * LOW HITPOINT WARNING * * *
The vampire bites you!
* * * LOW HITPOINT WARNING * * *
The vampire draws strength from your injuries!
You slash the vampire!
The vampire is severely damaged.
You feel better.
The vampire points at you and mumbles some strange words.
You resist with almost no effort.
You hit the vampire.
The vampire is severely damaged.
The vampire draws life force from you!
* * * LOW HITPOINT WARNING * * *
The vampire is healed by the life force!
You hit the vampire.
The vampire is severely damaged.
The vampire draws life force from you!
* * * LOW HITPOINT WARNING * * *
The vampire is healed by the life force!
Aiming: Throw Flame
Press: ? - help, Shift-Dir - straight line, f - vampire
Aim: a vampire, wielding a +0 vampiric halberd and wearing a +0 scale mail (heavily damaged, 72% to hit)
The puff of flame hits the vampire but does no damage.
The vampire is heavily damaged.
The vampire hits you with a +0 vampiric halberd.
* * * LOW HITPOINT WARNING * * *
The vampire bites you!
You die...

#...)#......#..#
######......#..#
..)....##...#).#
..)...##....#..#
......#..).##..#
.....##.))##...#
..♣...##.))...8#
.♣.....##....######
....♣...#...##..@8##
...♣....#..##....V!#
.....
..#..#...##.[.# ...
#..'..## #.!# #..
#..'..# .)# #
#..#...# [8#
#8.##..... ##
######...8# #####


You could see a vampire.

Vanquished Creatures
  A gargoyle (Bailey)
  Sigmund (D:5)
  Eustachio (D:4)
  A wyvern (D:5)
  Menkaure (D:4)
  2 steam dragons (D:7)
  2 orc warriors
  An ice beast (D:7)
  2 sky beasts
  2 ogres
  A centaur (D:6)
  2 kobold brigands
  Blork the orc (D:5)
  3 bullfrogs
  3 scorpions
  5 wights (D:6)
  7 vampire bats (Bailey)
  5 wolf zombies (Bailey)
  A jelly (D:7)
  Crazy Yiuf (D:4)
  4 hounds
  4 orc priests (D:5)
  2 gnoll shamans
  Terence (D:2)
  7 iguanas
  6 orc wizards
  21 gnolls
  An adder (D:3)
  A shadow imp (D:6)
  3 white imps
  3 ufetubi
  5 worms
  4 dart slugs
  20 orcs
  2 bats (D:3)
  4 endoplasms
  3 giant cockroaches
  8 goblins
  7 hobgoblins
  11 jackals
  14 kobolds
  3 quokkas
  4 ball pythons
  2 frilled lizards
  14 orc zombies (Bailey)
  2 rats
199 creatures vanquished.

Vanquished Creatures (others)
  2 plants (D:4)
2 creatures vanquished.

Grand Total: 201 creatures vanquished

Notes
Turn   | Place    | Note
-------+----------+-------------------------------------------
     0 | D:1      | dolemite99 the Hill Orc Fighter began the quest for the
                  | Orb.
     0 | D:1      | Reached XP level 1. HP: 19/19 MP: 1/1
   441 | D:1      | Reached skill level 3 in Axes
   470 | D:1      | You fall into a shaft and drop 1 floor!
   481 | D:2      | Reached XP level 2. HP: 26/26 MP: 2/2
   515 | D:2      | Reached skill level 4 in Axes
   622 | D:2      | Reached XP level 3. HP: 26/31 MP: 3/3
   946 | D:2      | Noticed Terence
   967 | D:2      | Killed Terence
   968 | D:2      | Reached skill level 5 in Axes
   968 | D:2      | Reached XP level 4. HP: 29/39 MP: 4/4
   974 | D:2      | Reached skill level 6 in Axes
  1189 | D:2      | Reached skill level 1 in Polearms
  1977 | D:3      | Reached XP level 5. HP: 45/45 MP: 5/5
  2148 | D:3      | Found a faded altar of an unknown god.
  2172 | D:3      | Prayed at the altar of an unknown god.
  2172 | D:3      | Became a worshipper of Uskayaw the Reveller
  2172 | D:3      | Reached * piety under Uskayaw
  2256 | D:3      | Reached ** piety under Uskayaw
  3330 | D:4      | Reached XP level 6. HP: 51/51 MP: 6/6
  3385 | D:4      | Reached skill level 7 in Axes
  3949 | D:4      | Found a staircase to the Ecumenical Temple.
  3986 | D:4      | Reached *** piety under Uskayaw
  3993 | D:4      | Reached skill level 8 in Axes
  4259 | D:4      | Noticed Menkaure
  4265 | D:4      | Reached XP level 7. HP: 57/57 MP: 7/7
  4269 | D:4      | Killed Menkaure
  4270 | D:4      | Reached skill level 9 in Axes
  4280 | D:4      | Found a runed translucent door.
  4921 | D:4      | Noticed Eustachio
  4943 | D:4      | Killed Eustachio
  4943 | D:4      | Reached **** piety under Uskayaw
  4944 | D:4      | Reached skill level 10 in Axes
  5496 | D:4      | Noticed Crazy Yiuf
  5649 | D:4      | HP: 2/57 [Crazy Yiuf/+4 quarterstaff of chaos (2)]
  5650 | D:4      | Killed Crazy Yiuf
  6171 | D:5      | Entered Level 5 of the Dungeon
  6257 | D:5      | Reached XP level 8. HP: 41/64 MP: 8/8
  6393 | D:5      | Found Miharr's Antique Weapon Boutique.
  6444 | D:5      | Noticed a wyvern
  6453 | D:5      | Killed a wyvern
  6454 | D:5      | Reached skill level 11 in Axes
  6996 | D:5      | Found a sacrificial altar of Ru.
  7130 | D:5      | Reached skill level 12 in Axes
  7131 | D:5      | Noticed Blork the orc
  7141 | D:5      | Killed Blork the orc
  7258 | D:5      | Reached skill level 13 in Axes
  7657 | D:5      | Noticed Sigmund
  7672 | D:5      | Killed Sigmund
  7673 | D:5      | Reached XP level 9. HP: 70/70 MP: 9/9
  7937 | D:6      | Reached skill level 5 in Armour
  9502 | D:6      | Found an iron altar of Okawaru.
  9568 | D:6      | Found a bloodstained altar of Trog.
  9662 | D:6      | Found an ornate altar of the Wu Jian Council.
 10165 | D:7      | Reached skill level 1 in Throwing
 10371 | D:7      | Reached ***** piety under Uskayaw
 10710 | D:7      | Found a glowing golden altar of the Shining One.
 10802 | D:7      | Reached XP level 10. HP: 62/77 MP: 10/10
 11368 | D:8      | Found a flagged portal.
 11385 | Bailey   | Entered a bailey
 11554 | Bailey   | Reached skill level 5 in Fighting
 11714 | Bailey   | Noticed a gargoyle
 11725 | Bailey   | Killed a gargoyle
 11988 | Bailey   | HP: 4/86 [vampire/+0 vampiric halberd (1)]
 11988 | Bailey   | Slain by a vampire

Illustrated notes

Levels and vault maps discovered:
D:1:      dpeg_arrival_tiny_d, layout_basic
D:2:      layout_basic, uniq_terence
D:3:      layout_basic, hellmonk_ecumenical_altar_leap_of_faith
D:4:      layout_basic, minmay_temple_entry_gardened_gates, uniq_eustachio,
          uniq_menkaure, uniq_crazy_yiuf_cottage
D:5:      layout_basic, nicolae_ru_the_path_less_chosen,
          cheibrodos_sewer_entry_bend, serial_shops, kennysheep_mini,
          hellmonk_bongcloud_opening, guppyfry_early_orc_mine, uniq_sigmund,
          uniq_blork_the_orc
D:6:      layout_gridville, trog_butcher_becter, nzn_wu_jian_council_hall,
          general_overflow_altar
D:7:      layout_layer_cave, nicolae_tso_swordbearing_angel
D:8:      layout_rooms, grunt_temple_overflow_open, enter_bailey_2,
          minivault_19, chequers_serial_rivers_room_b
Bailey:   bailey_polearm_vampire_castle_hellmonk, bailey

Skill      XL: |  1  2  3  4  5  6  7  8  9 10 |
---------------+-------------------------------+-----
Axes           | 3 4 5 6 8 10 13 | 13.2
Polearms       | 1 3 |  3.8
Armour         | 4 8 |  8.5
Throwing       | 4 |  4.2
Fighting       | 7 |  7.0
Shields        | |  3.2

Action                   |  1- 3 |  4- 6 |  7- 9 | 10-12 || total
-------------------------+-------+-------+-------+-------++-------
Melee: War axe           |    52 |    46 |   361 |   107 ||   566
       Spear             |       |   117 |       |       ||   117
Throw: Dart              |    11 |    40 |    61 |    24 ||   136
Evoke: Wand              |       |       |       |     1 ||     1
  Use: Potion            |     1 |       |       |     6 ||     7
       Scroll            |       |     9 |     3 |     2 ||    14
 Stab: Paralysed         |       |       |    19 |    11 ||    30
Armor: Scale mail        |    28 |    18 |       |       ||    46
       Chain mail        |       |    63 |    68 |       ||   131
       Plate armour      |       |       |   122 |    88 ||   210
Dodge: Dodged            |    28 |    45 |    89 |    51 ||   213
Block: Buckler           |    22 |    33 |    57 |    22 ||   134

Table legend: (Time is in decaauts)
 A = Elapsed time spent in this place.
 B = Non-inter-level travel time spent in this place.
 C = Inter-level travel time spent in this place.
 D = Time resting spent in this place.
 E = Time spent auto-exploring this place.
 F = Levels seen in this place.
 G = Mean time per level.
                   A        B        C        D        E       F      G
               +--------+--------+--------+--------+--------+-----+--------+
         Total |  11964 |  11724 |    240 |   4260 |   5650 |   9 | 1329.3 |
       Dungeon |  11378 |  11138 |    240 |   3951 |   5525 |   8 | 1422.2 |
        Bailey |    586 |    586 |      0 |    309 |    125 |   1 |  586.0 |
               +--------+--------+--------+--------+--------+-----+--------+

Top non-repeatable levels by time:
     D:4: 2997 daAuts
     D:6: 2040 daAuts
     D:5: 1710 daAuts
     D:7: 1365 daAuts
     D:3: 1303 daAuts
     D:2: 1054 daAuts
     D:1: 838 daAuts
  Bailey: 586 daAuts
     D:8: 68 daAuts
